 Dungeon Crawl Stone Soup version 0.21.0-3-g78d12a8 (webtiles) character file.

425 Jatast the Geomancer (level 6, -1/32 HPs)
             Began as a Gargoyle Earth Elementalist on Jan 9, 2018.
             Killed by divine providence
             ... invoked by an orc priest
              (16 damage)
             ... on level 4 of the Dungeon.
             The game lasted 00:08:42 (3206 turns).

Jatast the Geomancer (Gargoyle Earth Elementalist)  Turns: 3206, Time: 00:08:43

Health: -1/32      AC:  8    Str: 12    XL:     6   Next: 96%
Magic:  9/9        EV: 12    Int: 17    God:
Gold:   165        SH:  0    Dex: 10    Spells: 5/9 levels left

rFire    . . .     SeeInvis .   b - +1 hunting sling
rCold    . . .     Gourm    .   (no shield)
rNeg     + . .     Faith    .   c - +0 robe
rPois    ∞         Spirit   .   v - +1 helmet
rElec    +         Reflect  .   (no cloak)
rCorr    .         Harm     .   (no gloves)
MR       .....                  (no boots)
Stlth    ++........             (no amulet)
HPRegen  0.10/turn              (no ring)
MPRegen  0.11/turn              (no ring)

@: no status effects
A: negative energy resistance 1, electricity resistance, unbreathing,
petrification resistance, rot immunity, AC +4
a: no special abilities


You were on level 4 of the Dungeon.
You were not hungry.

You visited 1 branch of the dungeon, and saw 4 of its levels.

You collected 165 gold pieces.

Inventory:

Hand Weapons
 a - a +0 long sword
 b - a +1 hunting sling (weapon)
Missiles
 l - 76 stones (quivered)
 o - 2 throwing nets
Armour
 c - a +0 robe (worn)
 v - a +1 helmet (worn)
Jewellery
 i - a +5 ring of protection {unknown}
Wands
 s - a wand of flame (21)
 u - a wand of random effects (27)
Scrolls
 j - 2 scrolls of teleportation
Potions
 h - 3 potions of flight
 n - a potion of degeneration {unknown}
 q - a potion of magic {unknown}
 r - 2 potions of brilliance
 t - a potion of haste
 w - 3 potions of curing
 x - a potion of ambrosia
Books
 e - a book of Geomancy

   Spells                             Type                      Level
   a - Sandblast                      Earth                        1
   b - Passwall                       Transmutation/Earth          2
   c - Stone Arrow                    Conjuration/Earth            3
   d - Petrify                        Transmutation/Earth          4
   e - Lee's Rapid Deconstruction     Earth                        5
Comestibles
 d - 6 rations
 f - 7 chunks of flesh


   Skills:
 - Level 1.5 Dodging
 - Level 2.1 Stealth
 - Level 2.0 Spellcasting
   Level 0.7 Transmutations
 + Level 9.1 Earth Magic


You had 5 spell levels left.
You knew the following spells:

 Your Spells              Type           Power        Failure   Level  Hunger
a - Sandblast             Erth           ####..       1%          1    #......
b - Stone Arrow           Conj/Erth      ###...       9%          3    ###....


Dungeon Overview and Level Annotations

Branches:
Dungeon (4/15)             Temple (0/1) D:4

Altars:
Makhleb
Ru
Vehumet
Wu Jian
Xom
The Shining One

Annotations:
D:3 Sigmund


Innate Abilities, Weirdness & Mutations

You are resistant to torment.
Your stone body is resilient. (AC +4)
You are immune to poison.
You resist negative energy. (rN+)
You are resistant to electric shocks. (rElec)
You can survive without breathing.
You are immune to petrification.
You are immune to rotting.


Message History

l - 73 stones (gained 1)
l - 75 stones (gained 2)
l - 77 stones (gained 2)
An orc priest comes into view. It is wielding a war axe.
The orc priest shouts!
Firing (i - inventory. (,) - cycle):
l - 77 stones (quivered)
Press: ? - help, Shift-Dir - straight line, f - orc priest
Aim: an orc priest, wielding a war axe and wearing a scale mail You shoot a stone.
The stone hits the orc priest.
The orc priest is lightly wounded.
The orc priest invokes the aid of Beogh against you.
Beogh smites you!
The orc priest looks encouraged for a moment.
You hear a shout! x2
An orc wizard comes into view. It is wielding a dagger.
You hear a shout!
The orc priest calls down the wrath of Beogh upon you.
Beogh smites you!
Ouch! That really hurt!
You die...

*******,*,**,,* *,# *,*
,,,,,,,,,,**,,* *,* *,*
,,,,,,,,,,**,,* *,* *,*
,,,,,,,,,,>*,,* *,* *,*
,,,,,,,,,,,*,,***,* *,*
,,,,,,,,,,,,,,,,,,*****,*
,,,,,,,,,,,,,,,,,,,,,,,,*
,,,,,,,,o##############**
,,,,,,,,(o......@.....#
,,,,,,,,.############.#
********** #.##.# #....#
#.#### #.# #.# ** #.# ,*
#.#


You could see an orc priest.

Vanquished Creatures
  Grinder (D:3)
  Ijyb (D:3)
  Natasha (twice) (D:2)
  2 orc wizards (D:4)
  Robin (D:3)
  An adder (D:3)
  3 worms
  2 dart slugs
  A leopard gecko (D:2)
  2 orcs (D:4)
  2 ball pythons
  7 bats
  3 giant cockroaches
  17 goblins
  9 hobgoblins
  8 kobolds
  6 frilled lizards
  6 rats
74 creatures vanquished.

Notes
Turn   | Place    | Note
-------+----------+-------------------------------------------
     0 | D:1      | Jatast the Gargoyle Earth Elementalist began the quest for the Orb.
     0 | D:1      | Reached XP level 1. HP: 10/10 MP: 3/3
   156 | D:1      | Reached skill level 4 in Earth Magic
   353 | D:1      | Reached XP level 2. HP: 15/15 MP: 3/5
  1013 | D:2      | Reached skill level 5 in Earth Magic
  1013 | D:2      | Reached XP level 3. HP: 12/19 MP: 0/6
  1463 | D:2      | Noticed Natasha
  1464 | D:2      | Killed Natasha
  1464 | D:2      | Reached skill level 6 in Earth Magic
  1464 | D:2      | Reached XP level 4. HP: 24/24 MP: 5/7
  1488 | D:2      | Learned a level 3 spell: Stone Arrow
  1612 | D:2      | Noticed Natasha
  1618 | D:2      | Killed Natasha
  1918 | D:3      | Noticed Ijyb
  1918 | D:3      | Reached XP level 5. HP: 27/28 MP: 6/8
  1924 | D:3      | Killed Ijyb
  1924 | D:3      | Reached skill level 7 in Earth Magic
  2102 | D:3      | Noticed Robin
  2140 | D:3      | Killed Robin
  2365 | D:3      | Found a sacrificial altar of Ru.
  2367 | D:3      | Noticed Sigmund
  2368 | D:3      | Found a burning altar of Makhleb.
  2491 | D:3      | Noticed Grinder
  2492 | D:3      | Paralysed by Grinder for 5 turns
  2505 | D:3      | Killed Grinder
  2505 | D:3      | Reached skill level 8 in Earth Magic
  2505 | D:3      | Reached XP level 6. HP: 13/32 MP: 3/9
  2792 | D:3      | Found a radiant altar of Vehumet.
  2913 | D:3      | Found an ornate altar of the Wu Jian Council.
  2913 | D:3      | Found a shimmering altar of Xom.
  2915 | D:3      | Found a glowing golden altar of the Shining One.
  3149 | D:4      | Reached skill level 9 in Earth Magic
  3206 | D:4      | Killed from afar by an orc priest

Skill      XL: |  1  2  3  4  5  6 |
---------------+-------------------+-----
Earth Magic    | 4 5 6 8 9 |  9.1
Dodging        | |  1.5
Stealth        | |  2.1
Spellcasting   | |  2.0
Transmutations | |  0.7

Action                   |  1- 3 |  4- 6 || total
-------------------------+-------+-------++-------
Melee: Unarmed           |    14 |       ||    14
       Short sword       |    54 |       ||    54
       Long sword        |       |    28 ||    28
 Fire: Hunting sling     |    36 |   103 ||   139
Throw: Stone             |     7 |       ||     7
 Cast: Sandblast         |    26 |    24 ||    50
  Use: Scroll            |       |    10 ||    10
 Stab: Sleeping          |     2 |       ||     2
  Eat: Chunk             |     2 |     6 ||     8
Armor: Robe              |    47 |    20 ||    67
Dodge: Dodged            |    78 |    23 ||   101
       Rpst.: Long sword |       |     3 ||     3
